Map: [ESL] Goldenaura

Players

Scarlett - Winner!

  • Race: Zerg Zerg
  • Spawn Location: 12:00

trigger

  • Race: Protoss Protoss
  • Spawn Location: 5:00

Event: ESL SC2 Masters 2024 Spring (Regional)

VOD

Have the link to the VOD?

Description

Time

  • Played on: May 4, 2024, 3:03 p.m.
  • Length: 9:53

All games in this series

Show
View Real Time Build Order
Export as new Build Order

Scarlett Zerg - Winner!

Build Orders: Hatch First 

Get SALT Encoding   

  12  0:00  Drone  
  13  0:12  Overlord  
  13  0:17  Drone  
  14  0:30  Drone x2  
  16  0:49  Hatchery  
  15  0:51  Drone  
  15  0:55  Drone  
  17  0:58  Drone  
  18  1:09  Extractor  
  17  1:14  Spawning Pool  
  17  1:17  Drone  
  17  1:20  Drone  
  18  1:27  Drone  
  19  1:38  Drone  
  20  1:49  Overlord  
  20  2:01  Queen  
  20  2:02  Queen  
  20  2:03  Zergling x2, Drone  
  26  2:11  Zergling x2  
  26  2:12  Metabolic Boost  
  26  2:14  Drone  
  28  2:22  Drone x2  
  30  2:37  Queen  
  30  2:43  Zergling x2  
  33  2:46  Hatchery  
  33  2:50  Overlord  
  32  2:54  Drone  
  32  2:55  Zergling x2  
  32  2:58  Zergling x2  
  35  3:06  Zergling x2  
  35  3:11  Drone x5  
  41  3:25  Overlord  
  41  3:26  Queen  
  41  3:29  Drone  
  41  3:32  Spore Crawler  
  41  3:33  Drone  
  42  3:43  Zergling x12  
  42  3:46  Drone x3  
  49  4:00  Drone  
  49  4:01  Drone x2  
  49  4:02  Queen  
  53  4:03  Queen  
  55  4:11  Drone  
  55  4:13  Drone x3  
  58  4:19  Spore Crawler  
  58  4:21  Drone  
  56  4:31  Drone x2  
  56  4:35  Overlord, Drone  
  56  4:39  Overlord  
  56  4:42  Overlord, Drone x2  
  56  4:45  Overlord  
  57  4:53  Overlord  
  57  4:58  Drone x6  
  57  4:59  Evolution Chamber  
  62  5:02  Drone  
  62  5:05  Hatchery  
  62  5:06  Drone x2  
  64  5:09  Zergling x6  
  64  5:13  Zergling x6  
  69  5:19  Zergling x10  
  74  5:21  Spore Crawler  
  74  5:27  Drone  
  74  5:28  Zerg Melee Weapons Level 1  
  74  5:38  Drone x6  
  78  5:43  Drone x4  
  78  5:45  Extractor, Lair  
  78  5:46  Drone x4, Extractor  
  78  5:48  Extractor x2  
  78  5:49  Extractor  
  81  5:50  Drone  
  81  5:54  Roach Warren  
  81  5:58  Drone x2  
  81  6:04  Drone  
  81  6:05  Drone x4  
  81  6:08  Drone  
  87  6:14  Drone x4  
  87  6:16  Drone  
  92  6:19  Drone  
  92  6:20  Drone x4  
  97  6:27  Overlord x3  
  97  6:32  Spore Crawler, Hatchery  
  95  6:37  Zergling x10  
  100  6:40  Drone  
  100  6:43  Glial Reconstitution  
  100  6:44  Spire  
  100  6:46  Roach x3  
  105  6:50  Roach x3  
  105  6:52  Roach  
  105  6:53  Roach  
  115  6:56  Roach x2  
  115  6:59  Roach x2  
  115  7:00  Overseer  
  123  7:02  Roach x2  
  127  7:09  Overlord x4  
  123  7:32  Zergling x2  
  123  7:33  Zergling x34  
  132  7:41  Zergling x4  
  134  7:46  Extractor  
  134  7:48  Extractor, Drone x3  
  134  7:52  Zergling x2  
  134  7:53  Zergling x6  
  138  8:05  Mutalisk x9  
  156  8:12  Drone x2  
  154  8:13  Drone x3  
  150  8:20  Mutalisk x3  
  150  8:21  Overlord  
  155  8:29  Overlord x4  
  155  8:30  Mutalisk  
  155  8:31  Mutalisk  
  158  8:35  Mutalisk  
  158  8:36  Zergling x12  
  166  8:43  Overlord x2  
  166  8:45  Mutalisk x3  
  172  8:55  Mutalisk x2  
  163  8:59  Zergling x22  
  177  9:06  Drone  
  177  9:07  Drone x5  
  177  9:08  Extractor x2  
  181  9:16  Mutalisk  
  181  9:17  Mutalisk x4  
  178  9:18  Zergling x10  
  184  9:25  Mutalisk  
  186  9:33  Zergling x12  
Show
View Real Time Build Order
Export as new Build Order

trigger Protoss 

Build Orders: 1 Gate Expand, Oracle Opening, Archon Immortal 

Get SALT Encoding   

  12  0:00  Probe  
  13  0:12  Pylon  
  13  0:17  Probe (Chrono Boost)  
  14  0:26  Probe (Chrono Boost)  
  15  0:31  Probe (Chrono Boost)  
  16  0:38  Gateway  
  16  0:43  Probe  
  16  0:47  Assimilator  
  17  0:55  Probe  
  18  1:07  Probe  
  19  1:20  Probe  
  20  1:26  Nexus  
  20  1:35  Cybernetics Core  
  20  1:42  Assimilator  
  20  1:44  Probe  
  21  1:53  Pylon  
  21  1:56  Probe  
  23  2:08  Probe  
  23  2:09  Adept (Chrono Boost)  
  25  2:17  Stargate  
  25  2:20  Probe  
  26  2:29  Adept (Chrono Boost)  
  26  2:32  Warp Gate, Probe  
  29  2:37  Probe  
  30  2:44  Probe  
  30  2:50  Probe  
  32  2:57  Probe  
  32  2:58  Oracle (Chrono Boost)  
  33  3:02  Probe, Adept  
  39  3:06  Pylon  
  39  3:09  Probe  
  40  3:14  Probe  
  41  3:21  Probe  
  41  3:26  Probe  
  43  3:31  Gateway  
  43  3:33  Oracle (Chrono Boost)  
  47  3:45  Nexus  
  46  3:48  Probe  
  46  3:49  Probe  
  46  3:54  Pylon  
  48  4:00  Probe  
  48  4:01  Probe  
  48  4:05  Robotics Facility  
  48  4:13  Assimilator, Probe x2  
  50  4:21  Adept  
  52  4:25  Probe  
  52  4:26  Probe, Adept  
  53  4:35  Gateway  
  53  4:37  Probe  
  52  4:39  Probe  
  52  4:42  Assimilator  
  52  4:43  Twilight Council  
  53  4:50  Immortal (Chrono Boost), Probe (Chrono Boost)  
  53  4:51  Probe (Chrono Boost)  
  59  4:56  Adept  
  59  4:57  Adept  
  59  4:58  Probe (Chrono Boost)  
  64  5:03  Probe (Chrono Boost)  
  67  5:07  Probe (Chrono Boost)  
  67  5:08  Probe (Chrono Boost)  
  67  5:09  Forge  
  67  5:10  Probe (Chrono Boost)  
  70  5:21  Probe (Chrono Boost)  
  70  5:22  Immortal  
  70  5:23  Charge  
  70  5:26  Probe x2 (Chrono Boost)  
  75  5:31  Probe (Chrono Boost)  
  75  5:34  Probe (Chrono Boost)  
  77  5:37  Protoss Ground Weapons Level 1 (Chrono Boost)  
  77  5:38  Probe  
  77  5:40  Probe  
  77  5:41  Shield Battery  
  77  5:43  Pylon  
  77  5:44  Pylon  
  77  5:48  Pylon  
  77  5:51  Gateway  
  77  5:58  Shield Battery  
  77  6:02  Probe x3  
  77  6:04  Warp Prism (Chrono Boost)  
  78  6:06  Templar Archives  
  80  6:13  Gateway  
  80  6:14  Probe x2, Gateway  
  80  6:18  Gateway  
  82  6:28  Gateway x2  
  82  6:31  Pylon, Observer (Chrono Boost)  
  82  6:36  Zealot x3  
  82  6:38  Probe  
  82  6:39  Pylon  
  90  6:50  Pylon  
  90  6:51  Pylon  
  90  6:57  High Templar x4  
  90  7:01  Archon x2  
  98  7:04  Nexus  
  98  7:07  Pylon  
  98  7:08  Zealot x2  
  102  7:21  Immortal  
  102  7:29  Zealot x9  
  110  7:35  Protoss Ground Weapons Level 2 (Chrono Boost), Probe x2  
  104  7:42  Probe  
  105  7:44  Assimilator  
  105  7:47  Probe  
  105  7:48  Probe  
  107  7:51  Assimilator, Robotics Facility  
  106  7:59  Shield Battery  
  106  8:00  Immortal  
  106  8:03  Probe x3  
  113  8:08  Psionic Storm  
  113  8:09  Zealot x6  
  125  8:18  Probe x2  
  125  8:19  Probe x2  
  129  8:23  Robotics Facility  
  129  8:28  High Templar x3  
  135  8:34  Zealot x3  
  145  8:45  Photon Cannon  
  145  8:48  Immortal (Chrono Boost)  
  145  8:50  Pylon  
  145  8:51  Immortal (Chrono Boost)  
  145  8:55  Phoenix  
  147  9:01  Photon Cannon  
  139  9:06  Pylon  
  139  9:10  Photon Cannon  
  139  9:11  Zealot x4  
  134  9:25  Phoenix  
  126  9:35  Stalker x8  
  136  9:41  Stalker  
  128  9:47  Shield Battery  
Tags
 
Add a new tag
Caveats
  • Supply blocks, unpowered buildings, or Contaminate may cause inaccurate times.
  • Supply counts are checked every 10 seconds.